 Dungeon Crawl Stone Soup version 0.31-a0-188-g5e087ee2ca (webtiles) character file.

Game seed: 7363357052939930436

235 qw the Skirmisher (level 5, 0/29 HPs)
             Began as a Deep Elf Hunter on June 23, 2023.
             Succumbed to Sigmund's poison
             ... on level 3 of the Dungeon.
             The game lasted 00:00:27 (1375 turns).

qw the Skirmisher (Deep Elf Hunter)                 Turns: 1375, Time: 00:00:27

Health: 0/29       AC:  7    Str: 10    XL:     5   Next: 76%
Magic:  7/7        EV: 11    Int: 14    God:
Gold:   112        SH:  0    Dex: 18    Spells: 4/4 levels left

rFire   . . .        e - +1 shortbow (heavy)
rCold   . . .        (shield currently unavailable)
rNeg    . . .        j - +0 ring mail
rPois   .            d - +0 helmet
rElec   .            (no cloak)
rCorr   .            (no gloves)
SInv    .            l - +0 pair of boots
Will    .....        (no amulet)
Stlth   +            (no ring)
HPRegen 0.24/turn    (no ring)
MPRegen 0.10/turn

%: no passive effects
@: lethally poisoned (0 -> -6)
A: no striking features
a: no special abilities


You were on level 3 of the Dungeon.
You visited 1 branch of the dungeon, and saw 3 of its levels.

You collected 112 gold pieces.


   Skills:
 + Level 1.5 Fighting
 - Level 9.3 Ranged Weapons
 - Level 2.4 Dodging
 - Level 1.2 Stealth


You had 4 spell levels left.
You didn't know any spells.
Your spell library was empty.

Inventory:

Hand Weapons
 e - a +1 heavy shortbow (weapon)
Armour
 d - a +0 helmet (worn)
 j - a +0 ring mail (worn)
 l - a +0 pair of boots (worn)
Scrolls
 a - a scroll of teleportation
 Y - a scroll of identify
Potions
 f - a potion of might {unknown}
 g - a potion of mutation {unknown}
 h - a potion of lignification {unknown}
 k - a potion of magic {unknown}
 m - a potion of resistance {unknown}

Dungeon Overview and Level Annotations

Branches:
Dungeon (3/15)

Altars:
The Shining One


Message History

You start resting.
You feel yourself speed up.
HP restored.
A rat comes into view.
You shoot an arrow. The arrow hits the rat!
You kill the rat!
Sigmund the Dreaded comes into view.
He is wielding a +3 scythe of venom.
Sigmund shouts!
Sigmund moves out of view.
You shoot an arrow. The arrow closely misses Sigmund.
Sigmund points at you and mumbles some strange words.
The puff of flame hits you.
You shoot an arrow. The arrow closely misses Sigmund.
Sigmund casts a spell at you. The magic dart hits you.
You shoot an arrow. The arrow hits Sigmund!
Sigmund is moderately wounded.
Sigmund hits you from afar with a +3 scythe of venom.
You are poisoned.
You shoot an arrow. The arrow hits Sigmund.
Sigmund is heavily wounded.
You feel very sick.
Sigmund points at you and mumbles some strange words.
The magic dart hits you.
You shoot an arrow. The arrow hits Sigmund!
Sigmund is almost dead.
You feel sick.
Sigmund hits you from afar with a +3 scythe of venom.
You are lethally poisoned!
You shoot an arrow. The arrow hits Sigmund.
You kill Sigmund!
You feel very sick.
Your Ranged Weapons skill gained 2 levels and is now at level 9!
You have reached level 5!
There is a lethal amount of poison in your body!
You feel sick.
There is a lethal amount of poison in your body!
You feel sick.
There is a lethal amount of poison in your body!
You die...

##...### #. ......# .#
#.##### #...#.# ...
....... #...#.# ....
....... ###...#.##....
....... #.............
.......##.......)...#
........#...........#.
#...........@.......
#.#...###'###.........#.
..#..# #.# #.......$.#
....###.###........%..
....###_..+...######..
.#..###.###.### # #..#
#.# #. #..###'###.#
####..........#


There were no monsters in sight!

Vanquished Creatures
  Sigmund (D:3)
  Jessica (D:2)
  Natasha (D:3)
  A dart slug (D:1)
  4 ball pythons
  2 endoplasms (D:2)
  A giant cockroach (D:1)
  5 hobgoblins
  2 jackals (D:2)
  2 quokkas (D:2)
  2 bats
  A frilled lizard (D:2)
  2 rats
25 creatures vanquished.

Notes
Turn   | Place    | Note
-------+----------+-------------------------------------------
     0 | D:1      | qw the Deep Elf Hunter began the quest for the Orb.
     0 | D:1      | Reached XP level 1. HP: 12/12 MP: 3/3
     0 | D:1      | 0 ||| qw: Version: 0.3-a-9-g12657ce
     0 | D:1      | 0 ||| qw: Game counter: 4300
     0 | D:1      | 0 ||| qw: Always use a shield: true
     0 | D:1      | 0 ||| qw: God list: Okawaru
     0 | D:1      | 0 ||| qw: Allow faded altars: false
     0 | D:1      | 0 ||| qw: Do Orc after D:15 true
     0 | D:1      | 0 ||| qw: Do second Lair branch before Depths: true
     0 | D:1      | 0 ||| qw: Lair rune preference: random
     0 | D:1      | 0 ||| qw: Plans: Normal
     0 | D:1      | 0 ||| PLANNING D:1-11
   105 | D:1      | Reached XP level 2. HP: 16/16 MP: 4/4
   110 | D:1      | Reached skill level 6 in Ranged Weapons
   509 | D:1      | 509 ||| UPGRADING to +0 helmet.
   514 | D:1      | 514 ||| UPGRADING to +0 ring mail.
   524 | D:1      | 524 ||| DROPPING +0 leather armour.
   525 | D:1      | 525 ||| READING 3 scrolls labelled EDIJAJUCKY.
   526 | D:1      | 526 ||| READING 2 scrolls labelled RIFUIPTECE.
   527 | D:1      | 527 ||| READING scroll labelled KAIMMA ATULA.
   532 | D:1      | 532 ||| DROPPING 2 scrolls of noise.
   533 | D:1      | 533 ||| DROPPING scroll of butterflies.
   534 | D:1      | 534 ||| DROPPING scroll of revelation.
  1054 | D:2      | Noticed Jessica
  1056 | D:2      | Killed Jessica
  1057 | D:2      | Reached skill level 7 in Ranged Weapons
  1057 | D:2      | Reached XP level 3. HP: 20/20 MP: 5/5
  1249 | D:2      | 1249 ||| UPGRADING to +0 pair of boots.
  1254 | D:2      | 1254 ||| READING scroll labelled NAM YHAREROMAH.
  1255 | D:2      | 1255 ||| READING scroll labelled VAH UNEFED.
  1256 | D:2      | 1256 ||| READING scroll labelled NUSOSU MAURY.
  1257 | D:2      | 1257 ||| READING 2 scrolls labelled UMMESE OSTE.
  1301 | D:3      | Found a glowing golden altar of the Shining One.
  1309 | D:3      | Noticed Natasha
  1314 | D:3      | Killed Natasha
  1315 | D:3      | Reached XP level 4. HP: 14/25 MP: 6/6
  1365 | D:3      | Noticed Sigmund
  1372 | D:3      | Killed Sigmund
  1372 | D:3      | HP: 3/25 [poisoned by Sigmund]
  1373 | D:3      | Reached skill level 9 in Ranged Weapons
  1373 | D:3      | Reached XP level 5. HP: 4/29 MP: 7/7
  1374 | D:3      | HP: 1/29 [poisoned by Sigmund]
  1375 | D:3      | Succumbed to Sigmund's poison

Levels and vault maps discovered:
D:1:      sevenhm_arrival_forest_fort_small_4, layout_basic,
          minmay_tiny_reverse_x
D:2:      layout_basic, serial_forest, infiniplex_forest_end_double,
          infiniplex_forest_clump_small, infiniplex_forest_lined_2,
          infiniplex_forest_straight_3, infiniplex_forest_lined_corner,
          infiniplex_forest_diagonal, uniq_jessica
D:3:      minmay_general_purpose_star, layout_basic, lemuel_doored_altar,
          serial_shops, shop, ebering_ghost_gozag,
          hangedman_decor_diamond_cutter, uniq_sigmund, uniq_natasha,
          uniq_crazy_yiuf_cottage, uniq_pargi

Skill      XL: |  1  2  3  4 |
---------------+-------------+-----
Ranged Weapons | 7 9 |  9.3
Fighting       | |  1.5
Dodging        | |  2.4
Stealth        | |  1.2

Action                     |  1- 3 |  4- 6 || total
---------------------------+-------+-------++-------
   Fire: Shortbow          |    72 |     7 ||    79
    Use: Scroll            |     7 |       ||     7
 Armour: Leather armour    |     2 |       ||     2
         Ring mail         |    14 |       ||    14
  Dodge: Dodged            |    30 |       ||    30

Table legend:
 A = Non-vault XP
 B = Vault XP
 C = Vault XP percentage of total XP
 D = Non-vault monster count
 E = Vault monster count
 F = Vault count percentage of total count
                 A         B        C        D         E       F
            +---------+---------+-------+---------+---------+-------
      Total |      37 |     300 |  89.0 |      20 |       5 |  20.0
            +---------+---------+-------+---------+---------+-------
        D:1 |      17 |       4 |  19.0 |       9 |       2 |  18.2
        D:2 |      19 |      37 |  66.1 |      10 |       1 |   9.1
        D:3 |       1 |     259 |  99.6 |       1 |       2 |  66.7
            +---------+---------+-------+---------+---------+-------
